AoeStats
← Horizon

Arena

508275235Analyzed
4v4 RM · 11d ago on Sep 21, 2026· 45m 5s· 8 players
Game mode
Random Map
Map size
Large (8 player)
Population
200
Speed
Normal
Resources
Standard
Victory
Conquest
Starting age
Dark Age
Ending age
Imperial Age
RankedLock teamsTeams togetherTeam positionsShared explorationLock speedFull tech treeHidden civsTurbo modeCheats
Victory
Defeat
🇲🇽 Sicilians · Mexico
1487
+17
🇵🇰 Malians · Pakistan
1473
+17
🇩🇪 Armenians · Germany
1461
+18
🇷🇺 Burmese · Russia
1457
+18
🇭🇰 Japanese · Hong Kong SAR China
1598
-22
🇧🇷 Hindustanis · Brazil
1482
-17
🇺🇸 Goths · United States
1474
-16
🇹🇼 Tatars · Taiwan
1438
-15
CAXCAN
12:13 Feudal Age
13:35 Horse Collar
13:45 Double-Bit Axe
16:10 Castle Age
14:53 Man-at-Arms
15:34 Loom
16:15 Long Swordsman
20:19 Scale Mail Armor
20:38 Gambesons
24:46 Chain Mail Armor
25:05 Squires
28:15 Forging
30:40 Heavy Plow
31:32 Bow Saw
33:23 Wheelbarrow
34:05 Gold Mining
34:52 Hand Cart
38:52 Imperial Age
37:32 Town Watch
42:16 Two-Handed Swordsman
42:20 Pikeman
42:44 Capped Ram
44:42 Plate Mail Armor
43:34 Champion
44:54 Crop Rotation
43:58 Siege Ram
45:42 Iron Casting
44:29 Halberdier
JCPJ.Philipp
10:59 Feudal Age
12:26 Double-Bit Axe
14:55 Castle Age
13:33 Horse Collar
16:08 Bow Saw
19:46 Heavy Plow
21:45 Town Watch
22:41 Wheelbarrow
22:52 Stone Mining
24:40 Hand Cart
24:30 Fletching
24:41 Padded Archer Armor
26:36 Bodkin Arrow
26:56 Leather Archer Armor
29:46 Imperial Age
27:48 Ballistics
27:33 Siphons
27:38 Masonry
29:12 Gold Mining
30:33 Bracer
31:08 Ring Archer Armor
31:46 Chemistry
30:57 Masonry
30:42 Elite Composite Bowman
33:08 Conscription
33:57 Gold Shaft Mining
35:24 Capped Ram
38:22 Siege Ram
40:13 Heavy Scorpion
44:35 Coinage
Welldone
10:09 Feudal Age
16:17 Castle Age
14:21 Horse Collar
17:22 Heavy Plow
20:33 Wheelbarrow
20:14 Loom
21:42 Fletching
24:53 Hand Cart
26:17 Gold Mining
30:17 Imperial Age
28:38 Sanctity
28:34 Fervor
28:47 Sanctity
29:49 Gold Shaft Mining
31:16 Elite Battle Elephant
33:30 Husbandry
33:41 Bloodlines
33:56 Scale Barding Armor
34:02 Forging
34:57 Chain Barding Armor
36:50 Crop Rotation
37:18 Plate Barding Armor
37:24 Iron Casting
41:55 Stone Mining
42:24 Howdah
42:30 Manipur Cavalry
43:12 Light Cavalry
Horizon
11:22 Feudal Age
15:25 Castle Age
13:56 Double-Bit Axe
14:30 Horse Collar
18:09 Bow Saw
22:26 Scale Mail Armor
25:06 Squires
25:33 Loom
27:32 Chain Mail Armor
31:41 Wheelbarrow
31:11 Heavy Plow
31:22 Town Watch
32:04 Gold Mining
33:14 Hand Cart
36:50 Imperial Age
35:51 Forging
35:59 Arson
36:14 Man-at-Arms
38:05 Plate Mail Armor
38:10 Iron Casting
36:57 Long Swordsman
38:01 Conscription
37:35 Capped Ram
38:28 Masonry
38:15 Stone Mining
37:48 Two-Handed Swordsman
38:51 Champion
42:06 Fletching
KaLong
5:07 Loom
10:55 Feudal Age
14:44 Castle Age
13:06 Double-Bit Axe
13:31 Horse Collar
19:45 Wheelbarrow
19:54 Gold Mining
25:59 Fletching
34:27 Hand Cart
37:12 Imperial Age
36:21 Pikeman
37:03 Squires
37:44 Forging
37:35 Scale Mail Armor
37:52 Padded Archer Armor
37:47 Bodkin Arrow
38:58 Chemistry
37:29 Halberdier
39:18 Iron Casting
38:34 Elite Skirmisher
39:41 Chain Mail Armor
40:16 Ballistics
40:29 Leather Archer Armor
Morris=w=
10:07 Feudal Age
13:51 Castle Age
12:26 Double-Bit Axe
13:33 Horse Collar
15:00 Bow Saw
20:35 Heavy Plow
21:17 Gold Mining
22:39 Heavy Plow
24:11 Wheelbarrow
24:45 Fletching
24:41 Loom
24:41 Town Watch
25:38 Gold Shaft Mining
25:25 Bodkin Arrow
26:46 Ballistics
30:22 Imperial Age
28:39 Padded Archer Armor
28:00 Elite Skirmisher
28:47 Thumb Ring
29:50 Hand Cart
30:13 Husbandry
31:03 Bracer
30:26 Heavy Cavalry Archer
31:48 Parthian Tactics
32:04 Elite Skirmisher
33:25 Caravan
33:56 Coinage
33:54 Conscription
33:58 Leather Archer Armor
34:51 Chemistry
34:06 Stone Mining
35:04 Guard Tower
35:46 Banking
36:51 Keep
36:02 Arrowslits
37:58 Kataparuto
37:41 Yasama
37:57 Light Cavalry
38:48 Bloodlines
40:13 Murder Holes
40:30 Masonry
40:31 Fortified Wall
42:54 Scale Barding Armor
43:00 Forging
43:24 Ring Archer Armor
洞腰腰
10:49 Feudal Age
14:58 Castle Age
13:42 Double-Bit Axe
13:41 Horse Collar
16:18 Bow Saw
16:57 Wheelbarrow
24:08 Scale Mail Armor
24:19 Forging
24:23 Scale Barding Armor
24:34 Scale Mail Armor
23:59 Man-at-Arms
25:11 Squires
24:37 Long Swordsman
25:58 Iron Casting
26:33 Scale Barding Armor
29:26 Imperial Age
29:31 Two-Handed Swordsman
30:45 Conscription
30:00 Light Cavalry
31:16 Loom
32:16 Hussar
34:43 Timurid Siegecraft
35:37 Blast Furnace
36:26 Pikeman
37:01 Fletching
37:26 Halberdier
39:50 Gold Mining
39:51 Town Watch
Newlife
10:46 Feudal Age
14:52 Castle Age
12:54 Double-Bit Axe
13:04 Loom
13:31 Horse Collar
16:02 Bow Saw
21:26 Wheelbarrow
22:24 Gold Mining
29:55 Heavy Plow
32:06 Fortified Wall
38:22 Stone Mining
43:50 Imperial Age
42:10 Gold Shaft Mining
42:12 Stone Shaft Mining
42:33 Husbandry
42:44 Bloodlines
42:41 Scale Barding Armor
42:48 Forging
44:08 Hand Cart
43:57 Heavy Camel Rider
45:18 Chain Barding Armor
45:34 Iron Casting
45:42 Conscription
Connection lost

Rejoining the realm…

Still unreachable

The connection could not be restored.

Session expired

The server has moved on; the page needs a fresh start.